 Dungeon Crawl Stone Soup version 0.21.0-3-g78d12a8 (webtiles) character file.

4061 Ignatius881 the Destroyer (level 10, -6/74 HPs)
             Began as a Gnoll Conjurer on Jan 10, 2018.
             Was an Elder of Vehumet.
             Killed by the air
             ... invoked by Gastronok
              (15 damage)
             ... on level 8 of the Dungeon.
             The game lasted 00:40:11 (11744 turns).

Ignatius881 the Destroyer (Gnoll Conjurer)         Turns: 11744, Time: 00:40:11

Health: -6/74      AC: 14    Str: 17    XL:     10   Next: 25%
Magic:  12/20      EV: 15    Int: 21    God:    Vehumet [****..]
Gold:   610        SH:  0    Dex: 15    Spells: 9/23 levels left

rFire    + . .     SeeInvis .   M - +2 war axe (venom)
rCold    . . .     Gourm    .   (no shield)
rNeg     . . .     Faith    .   C - +5 ring mail "Cumm" {Str+6}
rPois    .         Spirit   .   (no helmet)
rElec    .         Reflect  .   h - +0 cloak
rCorr    .         Harm     .   b - +0 pair of gloves
MR       .....                  H - +0 pair of boots
Stlth    +++.......             I - amulet of rage
HPRegen  0.22/turn              i - ring of protection from fire
MPRegen  0.17/turn              (no ring)

@: slowed, very slow
A: distributed training, fangs 1, strong nose
a: Renounce Religion, Evoke Berserk Rage


You were on level 8 of the Dungeon.
You worshipped Vehumet.
Vehumet was greatly pleased with you.
You were hungry.

You visited 2 branches of the dungeon, and saw 9 of its levels.
You also visited: Ossuary.

You collected 610 gold pieces.

Inventory:

Hand Weapons
 m - a +0 mace
   (You found it on level 1 of the Dungeon)
 z - a +3 quarterstaff of chaos
   (You took it off Crazy Yiuf on level 3 of the Dungeon)
 L - a +4 dire flail of protection
   (You took it off Edmund on level 6 of the Dungeon)
 M - a +2 war axe of venom (weapon)
   (You found it on level 7 of the Dungeon)
Armour
 a - a +0 robe
 b - a +0 pair of gloves (worn)
   (You found it on level 1 of the Dungeon)
 h - a +0 cloak (worn)
   (You found it on level 1 of the Dungeon)
 C - the +5 ring mail "Cumm" (worn) {Str+6}
   (You found it in an ossuary)

   It affects your strength (+6).
 H - a +0 pair of boots (worn)
   (You found it on level 5 of the Dungeon)
Jewellery
 i - a ring of protection from fire (left hand)
   (You found it on level 1 of the Dungeon)
 I - an amulet of rage (around neck)
   (You found it on level 5 of the Dungeon)
 N - a +2 ring of evasion {unknown}
   (You found it on level 8 of the Dungeon)
Wands
 d - a wand of iceblast (10)
   (You took it off Ijyb on level 3 of the Dungeon)
 t - a wand of flame (24)
   (You found it on level 5 of the Dungeon)
 x - a wand of acid (9)
   (You found it on level 3 of the Dungeon)
Scrolls
 g - a scroll of magic mapping
 k - 2 scrolls of enchant weapon
 l - 3 scrolls of blinking
 n - a scroll of remove curse {@r2}
 o - 2 scrolls of fog
 s - 5 scrolls of teleportation {@r4}
 F - 2 scrolls of enchant armour
 J - a scroll of immolation {!r}
Potions
 f - 3 potions of heal wounds {@q2}
 j - 2 potions of haste {unknown}
 p - a potion of experience {unknown}
 q - a potion of lignification {unknown}
 r - 2 potions of invisibility {unknown}
 u - 3 potions of brilliance
 v - 3 potions of curing {@q1}
 w - a potion of berserk rage
 y - 3 potions of might
 A - 2 potions of degeneration {unknown}
 B - a potion of agility {unknown}
 D - 3 potions of cancellation {unknown}
 E - 4 potions of flight {unknown}
Books
 e - a book of Conjurations
 G - a Necronomicon
   (You found it on level 4 of the Dungeon)
Comestibles
 c - 15 rations
 K - a chunk of flesh


   Skills:
 + Level 5.0 Fighting
 + Level 5.0 Short Blades
 + Level 5.0 Long Blades
 + Level 5.0 Axes
 + Level 5.0 Maces & Flails
 + Level 5.0 Polearms
 + Level 5.0 Staves
 + Level 5.0 Slings
 + Level 5.0 Bows
 + Level 5.0 Crossbows
 + Level 5.0 Throwing
 + Level 5.0 Armour
 + Level 6.8 Dodging
 + Level 6.6 Stealth
 + Level 5.0 Shields
 + Level 5.0 Unarmed Combat
 + Level 7.1 Spellcasting
 + Level 8.3 Conjurations
 + Level 4.1 Hexes
 + Level 4.1 Charms
 + Level 4.1 Summonings
 + Level 4.1 Necromancy
 + Level 4.1 Translocations
 + Level 4.1 Transmutations
 + Level 4.1 Fire Magic
 + Level 4.1 Ice Magic
 + Level 4.1 Air Magic
 + Level 4.1 Earth Magic
 + Level 4.1 Poison Magic
 + Level 5.5 Invocations
 + Level 5.0 Evocations


You had 9 spell levels left.
You knew the following spells:

 Your Spells              Type           Power        Failure   Level  Hunger
a - Magic Dart            Conj           ####         1%          1    None
b - Searing Ray           Conj           #####.       1%          2    None
c - Iskenderun's Mystic   Conj           #####...     1%          4    ###....
d - Fulminant Prism       Conj/Hex       ####......   3%          4    ###....
e - Shock                 Conj/Air       ####         1%          1    None
f - Throw Frost           Conj/Ice       ####..       1%          2    None


Dungeon Overview and Level Annotations

Branches:
Dungeon (8/15)             Temple (1/1) D:7            Lair (0/6) D:8

Altars:
Ashenzari
Cheibriados
Dithmenos
Elyvilon
Fedhas
Gozag
Hepliaklqana
Kikubaaqudgha
Nemelex Xobeh
Okawaru
Qazlal
Ru
Sif Muna
Trog
Uskayaw
Vehumet
Wu Jian
Yredelemnul
Zin
The Shining One

Shops:
D:6 }

Annotations:
D:8 Gastronok


Innate Abilities, Weirdness & Mutations

Your experience applies equally to all skills.
You have very sharp teeth.
Your uncanny sense of smell can sniff out nearby items.


Message History

a war axe; a leather armour Done exploring.
Done exploring.
You see here a lajatang.
Things that are here:
10 arrows; an uncursed shortbow
There is a staircase to the Lair here.
There is an open door here.
You are feeling hungry.
There is an open door here.
Gastronok gurgles horribly!
Gastronok gurgles, "You're how I like my food.
Fast!"
Gastronok waves his eye-stalks in wide circles.
The air twists around and strikes you!
Aim: Gastronok, wearing an embroidered hat The magic dart hits Gastronok.
Aim: Gastronok, wearing an embroidered hat (lightly wounded)
The magic dart hits Gastronok.
Aim: Gastronok, wearing an embroidered hat (lightly wounded)
The magic dart hits Gastronok.
You slash Gastronok! Gastronok bites you!
You slash Gastronok!
Gastronok is poisoned.
Gastronok misses you.
You slash Gastronok!
Gastronok looks as sick as possible!
You hit Gastronok.
Gastronok looks as sick as possible!
Gastronok bites you.
* * * LOW HITPOINT WARNING * * *
Aim: Gastronok, wearing an embroidered hat (moderately wounded, poisoned)
The magic dart hits Gastronok.
Aim: Gastronok, wearing an embroidered hat (moderately wounded, poisoned)
The searing ray hits Gastronok. (Press . to maintain the ray.) Gastronok's eyestalks quiver as he mumbles some strange words.
Gastronok puts on a burst of speed!
The searing ray hits Gastronok.
The searing ray hits Gastronok.
Gastronok waves his eye-stalks in wide circles.
The air twists around and strikes you!
* * * LOW HITPOINT WARNING * * *
The searing ray hits Gastronok.
You finish channeling your searing ray.
Aim: Gastronok, wearing an embroidered hat (heavily wounded, poisoned, covering ground quickly)
The searing ray hits Gastronok. (Press . to maintain the ray.) Gastronok waves his eye-stalks in wide circles.
The air twists around and strikes you!
* * * LOW HITPOINT WARNING * * *
Gastronok looks at you and mumbles some strange words.
You feel yourself slow down.
Gastronok gurgles, "A snack!
A snack!"
Gastronok waves his eye-stalks in wide circles.
The air twists around and strikes you!
You die...

...#...............#.......######
.#.......#.........#.......#
#..............#...#.......###
#..............#...'.........####
...............'...##........##..
..>...........##..............###
........##....''..............#
........##....##....w.........#
........##......@.............#
..............................# #
......#.......................# #
..............................# #
................##............# #
...........................#### #
...........................######
.#'#'#.....#...............#.....
.#.#.#.....#............#'###.###


You could see Gastronok.

Vanquished Creatures
  A troll (D:7)
  A wyvern (D:8)
  4 hogs (D:7)
  A human (D:7)
  A hungry ghost (D:7)
  Edmund (D:6)
  Menkaure (D:6)
  A water moccasin (D:7)
  An ice beast (D:7)
  2 sky beasts (D:7)
  A phantom (D:5)
  An ogre (D:5)
  2 centaurs
  Blork the orc (D:6)
  A big kobold (D:8)
  5 bullfrogs
  3 water moccasin zombies (Ossuary)
  A scorpion (D:5)
  4 wights (D:6)
  A howler monkey (D:6)
  4 crimson imps
  2 quasits
  2 hounds
  A centaur zombie (D:8)
  4 orc priests
  Crazy Yiuf (D:3)
  A bullfrog skeleton (D:8)
  Ijyb (D:3)
  3 orc wizards
  5 worker ants
  3 big kobold zombies (Ossuary)
  2 mummies (Ossuary)
  A hound skeleton (D:5)
  8 adders
  11 gnolls
  A howler monkey skeleton (D:4)
  2 shadow imps (D:6)
  An ooze (D:5)
  5 adder zombies
  2 adder skeletons
  2 worms
  A leopard gecko (D:2)
  20 orcs
  10 bats
  5 giant cockroaches
  3 gnoll zombies (Ossuary)
  6 goblins
  3 hobgoblins
  5 jackals
  8 kobolds
  A quokka (D:6)
  8 frilled lizards
  5 hobgoblin zombies (Ossuary)
  3 kobold zombies (Ossuary)
  A leopard gecko skeleton (D:6)
  4 orc zombies (Ossuary)
  A quokka skeleton (D:5)
  A quokka zombie (D:7)
  7 rats
188 creatures vanquished.

Notes
Turn   | Place    | Note
-------+----------+-------------------------------------------
     0 | D:1      | Ignatius881 the Gnoll Conjurer began the quest for the Orb.
     0 | D:1      | Reached XP level 1. HP: 13/13 MP: 6/6
   696 | D:1      | Reached XP level 2. HP: 19/19 MP: 4/7
  1270 | D:2      | Reached XP level 3. HP: 25/25 MP: 5/9
  1307 | D:2      | Learned a level 2 spell: Searing Ray
  1378 | D:2      | Reached skill level 5 in Spellcasting
  1611 | D:2      | Found a white marble altar of Elyvilon.
  1689 | D:2      | Reached skill level 1 in Invocations
  1709 | D:2      | Found a basalt altar of Yredelemnul.
  1803 | D:2      | Found an ancient bone altar of Kikubaaqudgha.
  1880 | D:2      | Reached skill level 1 in Fighting
  1880 | D:2      | Reached skill level 1 in Short Blades
  1880 | D:2      | Reached skill level 1 in Long Blades
  1880 | D:2      | Reached skill level 1 in Axes
  1880 | D:2      | Reached skill level 1 in Maces & Flails
  1880 | D:2      | Reached skill level 1 in Polearms
  1880 | D:2      | Reached skill level 1 in Staves
  1880 | D:2      | Reached skill level 1 in Slings
  1880 | D:2      | Reached skill level 1 in Bows
  1880 | D:2      | Reached skill level 1 in Crossbows
  1880 | D:2      | Reached skill level 1 in Throwing
  1880 | D:2      | Reached skill level 1 in Armour
  1880 | D:2      | Reached skill level 1 in Shields
  1880 | D:2      | Reached skill level 1 in Unarmed Combat
  1880 | D:2      | Reached skill level 1 in Evocations
  1883 | D:2      | Reached XP level 4. HP: 32/32 MP: 0/11
  1886 | D:2      | Found an ornate altar of the Wu Jian Council.
  1886 | D:2      | Found a shadowy altar of Dithmenos.
  1886 | D:2      | Found a hide-covered altar of Uskayaw.
  1981 | D:2      | Found a glowing golden altar of the Shining One.
  1986 | D:2      | Found a radiant altar of Vehumet.
  1994 | D:2      | Became a worshipper of Vehumet
  2000 | D:2      | Learned a level 4 spell: Iskenderun's Mystic Blast
  2005 | D:2      | Learned a level 4 spell: Fulminant Prism
  2122 | D:3      | Noticed Ijyb
  2135 | D:3      | Killed Ijyb
  2135 | D:3      | Reached skill level 1 in Hexes
  2135 | D:3      | Reached skill level 1 in Charms
  2135 | D:3      | Reached skill level 1 in Summonings
  2135 | D:3      | Reached skill level 1 in Necromancy
  2135 | D:3      | Reached skill level 1 in Translocations
  2135 | D:3      | Reached skill level 1 in Transmutations
  2135 | D:3      | Reached skill level 1 in Fire Magic
  2135 | D:3      | Reached skill level 1 in Ice Magic
  2135 | D:3      | Reached skill level 1 in Air Magic
  2135 | D:3      | Reached skill level 1 in Earth Magic
  2135 | D:3      | Reached skill level 1 in Poison Magic
  2452 | D:3      | Reached XP level 5. HP: 22/37 MP: 0/12
  2691 | D:3      | Reached * piety under Vehumet
  2691 | D:3      | Offered knowledge of Shock by Vehumet.
  2940 | D:3      | Learned a level 1 spell: Shock
  3093 | D:3      | Reached XP level 6. HP: 44/44 MP: 8/13
  3402 | D:3      | Found a deep blue altar of Sif Muna.
  3451 | D:3      | Found a runed door.
  3640 | D:3      | Noticed Crazy Yiuf
  3642 | D:3      | Killed Crazy Yiuf
  3715 | D:4      | Found a sand-covered staircase.
  3727 | Ossuary  | Entered an ossuary
  3774 | Ossuary  | Reached skill level 5 in Dodging
  4184 | Ossuary  | Offered knowledge of Freeze by Vehumet.
  4188 | Ossuary  | Reached ** piety under Vehumet
  4379 | Ossuary  | Reached XP level 7. HP: 45/50 MP: 7/15
  4830 | Ossuary  | Got a brightly glowing ring mail
  4833 | Ossuary  | Identified the +5 ring mail "Cumm" {Str+6} (You found it in an ossuary)
  5556 | D:5      | Entered Level 5 of the Dungeon
  5688 | D:5      | Reached skill level 5 in Stealth
  5788 | D:5      | Reached XP level 8. HP: 52/57 MP: 8/16
  6110 | D:5      | Offered knowledge of Throw Frost by Vehumet.
  6131 | D:5      | Learned a level 2 spell: Throw Frost
  6675 | D:6      | Reached *** piety under Vehumet
  6703 | D:6      | Noticed Blork the orc
  6791 | D:6      | Noticed Edmund
  6840 | D:6      | Killed Blork the orc
  7256 | D:6      | Killed Edmund
  7451 | D:6      | Found Ynyosaiw's Gadget Boutique.
  7500 | D:6      | Noticed Menkaure
  7506 | D:6      | Killed Menkaure
  7558 | D:6      | Found a sacrificial altar of Ru.
  7925 | D:7      | Reached XP level 9. HP: 65/65 MP: 11/18
  8174 | D:7      | Offered knowledge of Airstrike by Vehumet.
  8842 | D:7      | Found a staircase to the Ecumenical Temple.
  8885 | D:7      | Reached skill level 8 in Conjurations
  9263 | D:7      | Reached skill level 5 in Invocations
  9334 | D:7      | Noticed a troll
  9349 | D:7      | Killed a troll
  9349 | D:7      | Reached XP level 10. HP: 45/73 MP: 9/20
  9652 | Temple   | Entered the Ecumenical Temple
 10001 | D:8      | Found a staircase to the Lair.
 10084 | D:8      | Reached **** piety under Vehumet
 10204 | D:8      | Noticed Gastronok
 10258 | D:8      | Reached skill level 5 in Fighting
 10258 | D:8      | Reached skill level 5 in Short Blades
 10258 | D:8      | Reached skill level 5 in Long Blades
 10258 | D:8      | Reached skill level 5 in Axes
 10258 | D:8      | Reached skill level 5 in Maces & Flails
 10258 | D:8      | Reached skill level 5 in Polearms
 10258 | D:8      | Reached skill level 5 in Staves
 10258 | D:8      | Reached skill level 5 in Slings
 10258 | D:8      | Reached skill level 5 in Bows
 10258 | D:8      | Reached skill level 5 in Crossbows
 10258 | D:8      | Reached skill level 5 in Throwing
 10258 | D:8      | Reached skill level 5 in Armour
 10258 | D:8      | Reached skill level 5 in Shields
 10258 | D:8      | Reached skill level 5 in Unarmed Combat
 10258 | D:8      | Reached skill level 5 in Evocations
 11464 | D:8      | Found a hazy altar of Hepliaklqana.
 11744 | D:8      | Killed from afar by Gastronok

Skill      XL: |  1  2  3  4  5  6  7  8  9 10 |
---------------+-------------------------------+-----
Spellcasting   | 5 6 7 |  7.1
Invocations    | 1 2 3 4 5 |  5.5
Fighting       | 1 2 3 4 5 |  5.0
Short Blades   | 1 2 3 4 5 |  5.0
Long Blades    | 1 2 3 4 5 |  5.0
Axes           | 1 2 3 4 5 |  5.0
Maces & Flails | 1 2 3 4 5 |  5.0
Polearms       | 1 2 3 4 5 |  5.0
Staves         | 1 2 3 4 5 |  5.0
Slings         | 1 2 3 4 5 |  5.0
Bows           | 1 2 3 4 5 |  5.0
Crossbows      | 1 2 3 4 5 |  5.0
Throwing       | 1 2 3 4 5 |  5.0
Armour         | 1 2 3 4 5 |  5.0
Shields        | 1 2 3 4 5 |  5.0
Unarmed Combat | 1 2 3 4 5 |  5.0
Evocations     | 1 2 3 4 5 |  5.0
Hexes          | 1 2 3 4 |  4.1
Charms         | 1 2 3 4 |  4.1
Summonings     | 1 2 3 4 |  4.1
Necromancy     | 1 2 3 4 |  4.1
Translocations | 1 2 3 4 |  4.1
Transmutations | 1 2 3 4 |  4.1
Fire Magic     | 1 2 3 4 |  4.1
Ice Magic      | 1 2 3 4 |  4.1
Air Magic      | 1 2 3 4 |  4.1
Earth Magic    | 1 2 3 4 |  4.1
Poison Magic   | 1 2 3 4 |  4.1
Dodging        | 5 6 |  6.8
Stealth        | 5 6 |  6.6
Conjurations   | 8 |  8.3

Action                   |  1- 3 |  4- 6 |  7- 9 | 10-12 || total
-------------------------+-------+-------+-------+-------++-------
Melee: Mace              |     2 |    20 |    25 |       ||    47
       Bite              |       |     2 |     7 |     2 ||    11
       War axe           |       |       |    11 |    27 ||    38
       Punch             |       |       |       |     2 ||     2
 Cast: Magic Dart        |    57 |   110 |   140 |    67 ||   374
       Searing Ray       |     2 |     9 |    47 |    12 ||    70
       Iskenderun's Myst |       |     2 |    10 |     4 ||    16
       Throw Frost       |       |       |     7 |       ||     7
  Use: Scroll            |       |     6 |     9 |     1 ||    16
  Eat: Chunk             |     3 |     5 |     9 |       ||    17
       Ration            |       |     1 |     2 |     2 ||     5
Armor: Robe              |     1 |    15 |     5 |       ||    21
       Ring mail         |       |       |    47 |    18 ||    65
Dodge: Dodged            |     9 |    48 |    97 |    45 ||   199
